 Dungeon Crawl Stone Soup version 0.29-a0-344-ge2f44be95a (webtiles) character file.

Game seed: 8069829507028775813

15696 HendSelp the Crack Shot (level 12, -4/61 HPs)
             Began as a Deep Elf Hunter on Apr 20, 2022.
             Was an Initiate of Gozag.
             Slain by a komodo dragon (30 damage)
             ... on level 1 of the Lair of Beasts on Apr 21, 2022.
             The game lasted 00:22:52 (12555 turns).

HendSelp the Crack Shot (Deep Elf Hunter)          Turns: 12555, Time: 00:22:53

Health: -4/61      AC:  9    Str: 12    XL:     12   Next: 3%
Magic:  14/14      EV: 21    Int: 16    God:    Gozag
Gold:   1348       SH:  0    Dex: 22    Spells: 11/11 levels left

rFire   . . .      SeeInvis .   a - +2 shortbow (vorpal)
rCold   . . .      Faith    .   (shield currently unavailable)
rNeg    . . .      Spirit   .   b - +2 leather armour
rPois   .          Reflect  .   (no helmet)
rElec   .          Harm     .   w - +2 cloak {rCorr}
rCorr   +          Rampage  .   (no gloves)
Will    +....                   g - +0 pair of boots of Etos {Str+4}
Stlth   ++........              (no amulet)
HPRegen 0.20/turn               y - ring of flight
MPRegen 0.14/turn               o - +4 ring of evasion

@: gold aura, flying
A: no striking features
a: Renounce Religion, Potion Petition, Call Merchant, Bribe Branch


You were on level 1 of the Lair of Beasts.
You worshipped Gozag.
Gozag was most pleased with you.
You visited 3 branches of the dungeon, and saw 13 of its levels.
You also visited: Ossuary and Bailey.

You collected 2821 gold pieces.
You paid 1473 gold pieces to Gozag.

Inventory:

Hand Weapons
 a - a +2 vorpal shortbow (weapon)
Armour
 b - a +2 leather armour (worn)
 g - the +0 pair of boots of Etos (worn) {Str+4}
   (You found it in a bailey)

   Str:       It affects your strength (+4).
 w - a +2 cloak of preservation (worn)
Jewellery
 h - a ring of positive energy
 o - a +4 ring of evasion (right hand)
 y - a ring of flight (left hand)
 A - a ring of protection from fire
Wands
 q - a wand of polymorph (20)
 u - a wand of iceblast (17)
 x - a wand of charming (9)
 D - a wand of mindburst (6)
 E - a wand of acid (3)
Scrolls
 i - 3 scrolls of teleportation
 j - a scroll of enchant weapon
 k - a scroll of identify
 r - 2 scrolls of fear
 t - 2 scrolls of brand weapon
 v - 3 scrolls of magic mapping
 z - a scroll of blinking
 G - 2 scrolls of immolation
Potions
 c - a potion of might
 e - 3 potions of curing
 f - 3 potions of brilliance
 l - 3 potions of flight
 m - 2 potions of attraction
 p - 2 potions of resistance
 s - 3 potions of mutation
 B - a potion of berserk rage
 C - a potion of lignification
 F - a potion of haste


   Skills:
 - Level 1.5 Fighting
 + Level 23.4 Bows
 + Level 7.8 Dodging
 - Level 1.2 Stealth


You had 11 spell levels left.
You didn't know any spells.
Your spell library contained the following spells:

 Spells                   Type           Power      Damage    Failure   Level
 Freeze                   Ice            0%         1d3       32%         1
 Conjure Flame            Conj/Fire      0%         6-21      67%         3
 Frozen Ramparts          Ice            0%         1d2       67%         3
 Gell's Gravitas          Tloc           0%         N/A       67%         3
 Ignite Poison            Fire/Tmut/Pois 0%         N/A       67%         3
 Inner Flame              Hex/Fire       0%         N/A       67%         3
 Teleport Other           Tloc           0%         N/A       67%         3
 Tukima's Dance           Hex            0%         N/A       67%         3
 Cause Fear               Hex            0%         N/A       97%         4
 Hailstorm                Conj/Ice       0%         3d3       97%         4
 Passage of Golubria      Tloc           0%         N/A       97%         4
 Sticky Flame             Conj/Fire      0%         2d3       97%         4
 Summon Lightning Spire   Summ/Air       0%         N/A       97%         4
 Fireball                 Conj/Fire      0%         3d3       100%        5
 Yara's Violent Unravell  Hex/Tmut       0%         3d3       100%        5
 Dispersal                Tloc           0%         N/A       100%        6
 Starburst                Conj/Fire      0%         6d3       100%        6
 Storm Form               Tmut/Air       0%         N/A       100%        7
 Discord                  Hex            0%         N/A       100%        8
 Ignition                 Fire           0%         3d3       100%        8
 Maxwell's Capacitive Co  Air            0%         ∞         100%        8


Dungeon Overview and Level Annotations

Branches:
Dungeon (11/15)            Temple (1/1) D:4            Lair (1/6) D:9
    Orc (0/2) D:9         Ossuary (visited)          Bailey (visited)

Altars:
Ashenzari
Cheibriados
Dithmenos
Elyvilon
Fedhas
Gozag
Hepliaklqana
Kikubaaqudgha
Makhleb
Nemelex Xobeh
Okawaru
Qazlal
Ru
Sif Muna
Trog
Uskayaw
Vehumet
Wu Jian
Xom
Yredelemnul
Zin
The Shining One

Shops:
D:5 (   D:8 (

Annotations:
Lair:1 2 runed translucent doors, Antichthon's ghost, journeyman NaWr


Message History

No target in view!
No target in view!
No target in view!
A komodo dragon comes into view.
A komodo dragon is nearby!
A komodo dragon is nearby!
You shoot an arrow.
The arrow hits the komodo dragon but does no damage.
You shoot an arrow. The arrow hits the komodo dragon.
The komodo dragon is lightly wounded.
The komodo dragon hisses menacingly.
You shoot an arrow. The arrow hits the komodo dragon.
The komodo dragon is moderately wounded.
You shoot an arrow.
The arrow closely misses the komodo dragon.
You shoot an arrow.
The arrow closely misses the komodo dragon.
You shoot an arrow.
The arrow hits the komodo dragon but does no damage.
The komodo dragon is moderately wounded.
You shoot an arrow. The arrow hits the komodo dragon.
The komodo dragon is heavily wounded.
You shoot an arrow. The arrow hits the komodo dragon.
The komodo dragon is heavily wounded.
The komodo dragon is distracted by your dazzling golden aura.
You shoot an arrow. The komodo dragon hisses angrily.
The arrow hits the komodo dragon.
The komodo dragon is no longer distracted by gold.
The komodo dragon is severely wounded.
The komodo dragon bites you!!
You are too injured to fight recklessly!
Throw: throwing net
Press: ? - help, Q - select action, (/) - cycle Shift-Dir - straight line, f/p - komodo dragon
Aim: a komodo dragon (severely wounded, 70% to hit)
You throw a throwing net.
The throwing net completely misses the komodo dragon.
The komodo dragon bites you!!
You die...
Your body crumbles into a pile of gold.

#.....#....... #
#.#............
####.#.#..........##
h....#.#.....#....P#
.....#.+.....#....#
S....#.....#....#
...#..........##
#$#.....#.....####
#######@.'.#+#..........
..$...$l................
........................
!.....$..####...........
.........# ..#..........
.####....#...#.........#
#$...#.> +.........#
...(.# #..#.###..#
.#....# ....## #..#


You could see a komodo dragon.

Vanquished Creatures
  A hydra (D:11)
  A two-headed ogre (D:11)
  Urug (Lair:1)
  An orc knight (Bailey)
  Pikel (D:7)
  A cane toad (Lair:1)
  Psyche (D:8)
  A rime drake (Lair:1)
  3 komodo dragons (Lair:1)
  3 trolls
  Prince Ribbit (D:5)
  Grinder (D:6)
  Sigmund (D:5)
  A shadow (D:10)
  3 vampires
  16 yaks
  A basilisk (D:11)
  2 wraiths
  2 steam dragons
  Menkaure (D:5)
  A warg (D:9)
  7 water moccasins
  5 black bears
  8 orc warriors
  A sky beast (D:7)
  3 ice beasts
  5 wolves (Lair:1)
  3 ogres
  4 centaurs
  A lemure (D:7)
  2 phantoms
  7 bullfrogs
  A gnoll sergeant (D:10)
  2 scorpions (D:5)
  11 wights
  12 killer bees
  7 orc priests
  3 gnoll shamans
  2 hounds (D:5)
  A centaur skeleton (D:9)
  Terence (D:3)
  Natasha (thrice) (D:2)
  4 iguanas
  10 orc wizards
  A spectral howler monkey (D:9)
  A howler monkey zombie (D:9)
  9 mummies
  18 gnolls
  2 howler monkey skeletons (D:9)
  7 adders
  5 white imps
  2 ufetubi
  5 worms
  4 dart slugs
  48 orcs
  4 endoplasms
  4 giant cockroaches (D:1)
  2 gnoll zombies (Ossuary)
  10 goblins
  8 hobgoblins
  3 jackals (D:5)
  6 kobolds
  2 quokkas
  3 ball pythons
  4 bats
  5 frilled lizards
  A hobgoblin zombie (Ossuary)
  4 kobold zombies
  3 orc zombies
  6 rats
314 creatures vanquished.

Vanquished Creatures (others)
  39 fungi
  38 plants
77 creatures vanquished.

Grand Total: 391 creatures vanquished

Notes
Turn   | Place    | Note
-------+----------+-------------------------------------------
     0 | D:1      | HendSelp the Deep Elf Hunter began the quest for the Orb.
     0 | D:1      | Reached XP level 1. HP: 12/12 MP: 3/3
   234 | D:1      | Found a faded altar of an unknown god.
   245 | D:1      | Reached XP level 2. HP: 16/16 MP: 4/4
   254 | D:1      | Reached skill level 6 in Bows
   547 | D:2      | Reached XP level 3. HP: 20/20 MP: 5/5
   581 | D:2      | Noticed Natasha
   588 | D:2      | Killed Natasha
   589 | D:2      | Reached skill level 7 in Bows
   714 | D:2      | Noticed Natasha
   720 | D:2      | Killed Natasha
   721 | D:2      | Reached XP level 4. HP: 25/25 MP: 6/6
   758 | D:2      | Noticed Natasha
   765 | D:2      | Killed Natasha
  1038 | D:2      | Reached skill level 8 in Bows
  1157 | D:3      | Reached XP level 5. HP: 28/29 MP: 7/7
  1227 | D:3      | Found the +9 sword of Zonguldrok {reap}
  1541 | D:3      | Noticed Terence
  1551 | D:3      | Killed Terence
  1761 | D:3      | Reached skill level 9 in Bows
  1913 | D:3      | Identified the +8 short sword of Iconoclasm {venom, rElec
                  | rC+ rN++ Int-3}
  2217 | D:4      | Found a staircase to the Ecumenical Temple.
  2235 | Temple   | Entered the Ecumenical Temple
  2276 | Temple   | Became a worshipper of Gozag Ym Sagoz the Greedy
  2465 | D:4      | Noticed a phantom
  2467 | D:4      | Upgraded the game from 0.29-a0-341-g24ffce5b50 to
                  | 0.29-a0-344-ge2f44be95a
  2479 | D:4      | Killed a phantom
  2480 | D:4      | Reached XP level 6. HP: 25/34 MP: 8/8
  2836 | D:4      | Reached skill level 10 in Bows
  3018 | D:5      | Entered Level 5 of the Dungeon
  3140 | D:5      | Found a sand-covered staircase.
  3155 | Ossuary  | Entered an ossuary
  3173 | Ossuary  | Reached XP level 7. HP: 38/38 MP: 9/9
  3202 | Ossuary  | Reached skill level 11 in Bows
  3494 | D:5      | Noticed Sigmund
  3499 | D:5      | Killed Sigmund
  3500 | D:5      | Reached skill level 12 in Bows
  3848 | D:5      | Noticed a troll
  3870 | D:5      | Killed a troll
  3871 | D:5      | Reached skill level 13 in Bows
  3871 | D:5      | Reached XP level 8. HP: 27/43 MP: 10/10
  3885 | D:5      | Noticed Menkaure
  3893 | D:5      | Killed Menkaure
  3913 | D:5      | Reached skill level 14 in Bows
  4288 | D:5      | Noticed Prince Ribbit
  4291 | D:5      | Killed Prince Ribbit
  4449 | D:6      | Reached skill level 15 in Bows
  4640 | D:6      | Reached XP level 9. HP: 38/47 MP: 11/11
  4696 | D:6      | Noticed Grinder
  4704 | D:6      | Killed Grinder
  4747 | D:6      | Found a white marble altar of Elyvilon.
  5045 | D:7      | Reached skill level 16 in Bows
  5246 | D:7      | Found a basalt altar of Yredelemnul.
  5515 | D:7      | Noticed Pikel
  5522 | D:7      | Killed Pikel
  5523 | D:7      | Reached skill level 17 in Bows
  5539 | D:7      | Reached skill level 18 in Bows
  6127 | D:8      | Noticed Psyche
  6138 | D:8      | HP: 1/47 [something (19)]
  6143 | D:8      | Killed Psyche
  6144 | D:8      | Reached XP level 10. HP: 26/52 MP: 12/12
  6396 | D:8      | Found a flagged portal.
  6412 | Bailey   | Entered a bailey
  6513 | Bailey   | Reached skill level 19 in Bows
  7023 | Bailey   | Noticed an orc knight
  7176 | Bailey   | Killed an orc knight
  7254 | Bailey   | Identified the +0 pair of boots of Etos {Str+4}
  7780 | D:9      | Reached skill level 5 in Dodging
  8035 | D:9      | Reached skill level 20 in Bows
  8055 | D:9      | Found a staircase to the Orcish Mines.
  8646 | D:9      | Reached XP level 11. HP: 56/56 MP: 13/13
  8655 | D:9      | Found a staircase to the Lair.
  9014 | D:9      | Reached skill level 21 in Bows
  9191 | D:10     | Entered Level 10 of the Dungeon
  9583 | D:10     | Found a radiant altar of Vehumet.
  9624 | D:10     | Found an ornate altar of the Wu Jian Council.
 10190 | D:10     | Found a glowing golden altar of the Shining One.
 10193 | D:10     | Found a stormy altar of Qazlal.
 10806 | D:11     | Noticed a two-headed ogre
 10813 | D:11     | Killed a two-headed ogre
 10814 | D:11     | Reached skill level 22 in Bows
 10852 | D:11     | Noticed a five-headed hydra
 10861 | D:11     | Killed a five-headed hydra
 12042 | Lair:1   | Entered Level 1 of the Lair of Beasts
 12139 | Lair:1   | Noticed Urug
 12158 | Lair:1   | Killed Urug
 12184 | Lair:1   | Reached skill level 23 in Bows
 12381 | Lair:1   | Found a large runed translucent door.
 12381 | Lair:1   | Found a large runed translucent door.
 12384 | Lair:1   | Noticed Antichthon's ghost (journeyman NaWr)
 12486 | Lair:1   | Reached XP level 12. HP: 34/61 MP: 14/14
 12555 | Lair:1   | Slain by a komodo dragon

Illustrated notes

Levels and vault maps discovered:
D:1:      lightli_arrival_quake, layout_rooms, basic_ecumenical_altar
D:2:      layout_rooms, uniq_natasha
D:3:      layout_basic, st_stairs_13, uniq_terence
D:4:      layout_loops_ring, minmay_temple_entry_offerings
D:5:      layout_basic, nicolae_ossuary_entry_giza, minmay_starry_boxes,
          uniq_prince_ribbit1, uniq_menkaure, uniq_sigmund
D:6:      layout_rooms, lemuel_doored_altar, uniq_grinder
D:7:      layout_basic, yredelemnul_altar_generic, uniq_pikel
D:8:      layout_basic, enter_bailey_2, uniq_psyche
D:9:      layout_irregular_city, due_lair_maze_entry_diamond, erik_orc_3,
          hangedman_abyss_or_decor_stabs, hangedman_weighted_door
D:10:     minmay_spotlight, layout_long_grid, nicolae_overflow_crystal_walls,
          gammafunk_temple_overflow_forgotten
D:11:     layout_stronghold
Temple:   nicolae_temple_elliptical
Lair:1:   layout_chaotic_city, ebering_ghost_disaster_area,
          chequers_serial_rivers_micro_a, beast_lair_carwin_1, uniq_urug

Skill      XL: |  1  2  3  4  5  6  7  8  9 10 11 |
---------------+----------------------------------+-----
Bows           | 6 7 8 9 10 13 15 18 20 23 | 23.4
Dodging        | 3 4 6 7 |  7.8
Fighting       | |  1.5
Stealth        | |  1.2

Action                   |  1- 3 |  4- 6 |  7- 9 | 10-12 || total
-------------------------+-------+-------+-------+-------++-------
 Fire: Shortbow          |    64 |   172 |   304 |   752 ||  1292
Throw: Throwing net      |       |       |     1 |    11 ||    12
Invok: Call Merchant     |       |       |     1 |     1 ||     2
       Potion Petition   |       |       |       |     1 ||     1
Evoke: Wand              |       |       |       |     1 ||     1
  Use: Scroll            |     2 |    12 |    10 |    14 ||    38
       Potion            |       |     2 |     1 |    15 ||    18
Armor: Leather armour    |     3 |     8 |    11 |    39 ||    61
Dodge: Dodged            |    10 |    51 |    29 |   220 ||   310

Table legend: (Time is in decaauts)
 A = Elapsed time spent in this place.
 B = Non-inter-level travel time spent in this place.
 C = Inter-level travel time spent in this place.
 D = Time resting spent in this place.
 E = Time spent auto-exploring this place.
 F = Levels seen in this place.
 G = Mean time per level.
                   A        B        C        D        E       F      G
               +--------+--------+--------+--------+--------+-----+--------+
         Total |  12324 |  11897 |    427 |    524 |   8954 |  15 |  821.6 |
       Dungeon |  10490 |  10099 |    391 |    524 |   7845 |  11 |  953.6 |
        Temple |    186 |    152 |     34 |      0 |    137 |   1 |  186.0 |
          Lair |    481 |    481 |      0 |      0 |    366 |   1 |  481.0 |
       Ossuary |    236 |    236 |      0 |      0 |    133 |   1 |  236.0 |
        Bailey |    930 |    930 |      0 |      0 |    473 |   1 |  930.0 |
               +--------+--------+--------+--------+--------+-----+--------+

Top non-repeatable levels by time:
     D:9: 1761 daAuts
    D:11: 1207 daAuts
    D:10: 1175 daAuts
     D:5: 1150 daAuts
     D:7: 1145 daAuts
     D:3: 990 daAuts
  Bailey: 930 daAuts
     D:4: 743 daAuts
     D:8: 653 daAuts
     D:2: 595 daAuts
     D:1: 536 daAuts
     D:6: 531 daAuts
  Lair:1: 481 daAuts
 Ossuary: 236 daAuts
  Temple: 186 daAuts
